Map: Dusk Towers

Players

amon - Winner!

  • Race: Protoss Protoss
  • League: Diamond

ILLBdA

  • Race: Protoss Protoss
  • League: Diamond

VOD

Have the link to the VOD?

Description

Time

  • Played on: Dec. 24, 2015, 7:44 a.m.
  • Length: 10:23
Show
View Real Time Build Order
Export as new Build Order

amon Protoss - Winner!

Build Orders: Nexus First 

Get SALT Encoding   

  12  0:01  Probe (Chrono Boost)  
  13  0:12  Probe (Chrono Boost)  
  14  0:19  Pylon  
  14  0:22  Probe (Chrono Boost)  
  15  0:37  Probe (Chrono Boost)  
  16  0:48  Probe (Chrono Boost)  
  17  0:57  Nexus  
  17  1:07  Gateway  
  17  1:10  Probe (Chrono Boost)  
  18  1:15  Assimilator  
  18  1:21  Probe (Chrono Boost)  
  18  1:23  Assimilator  
  19  1:31  Probe (Chrono Boost)  
  20  1:39  Pylon  
  20  1:42  Probe (Chrono Boost)  
  21  1:47  Gateway  
  21  1:52  Probe (Chrono Boost)  
  22  2:02  Cybernetics Core  
  22  2:04  Probe (Chrono Boost)  
  23  2:14  Probe (Chrono Boost)  
  25  2:15  Probe (Chrono Boost)  
  27  2:26  Probe x2 (Chrono Boost)  
  30  2:37  Probe (Chrono Boost)  
  30  2:39  Probe (Chrono Boost)  
  30  2:42  Stalker (Chrono Boost)  
  31  2:44  Stalker (Chrono Boost)  
  31  2:47  Warp Gate (Chrono Boost)  
  31  2:48  Probe (Chrono Boost)  
  31  2:49  Probe (Chrono Boost)  
  35  2:59  Mothership Core (Chrono Boost)  
  35  3:00  Probe  
  35  3:14  Stalker (Chrono Boost)  
  35  3:15  Stalker (Chrono Boost)  
  39  3:29  Probe  
  39  3:31  Pylon  
  40  3:38  Robotics Facility  
  40  3:41  Stalker (Chrono Boost)  
  42  3:44  Probe  
  42  3:45  Probe  
  42  3:52  Sentry (Chrono Boost)  
  44  3:56  Probe  
  43  4:06  Stalker (Chrono Boost)  
  41  4:11  Probe  
  41  4:12  Probe  
  43  4:23  Probe  
  46  4:24  Probe  
  47  4:33  Pylon  
  47  4:34  Immortal (Chrono Boost)  
  47  4:36  Probe (Chrono Boost)  
  50  4:43  Probe (Chrono Boost)  
  51  4:47  Adept  
  51  4:48  Probe (Chrono Boost)  
  51  4:51  Pylon  
  51  4:52  Adept, Pylon  
  56  4:55  Probe (Chrono Boost)  
  56  4:59  Probe (Chrono Boost)  
  57  5:07  Probe (Chrono Boost)  
  57  5:08  Immortal  
  57  5:09  Stalker  
  57  5:12  Probe (Chrono Boost)  
  64  5:20  Stalker  
  66  5:22  Probe (Chrono Boost)  
  66  5:25  Gateway  
  66  5:27  Gateway  
  66  5:28  Assimilator  
  67  5:32  Sentry, Assimilator  
  67  5:35  Probe (Chrono Boost)  
  70  5:39  Pylon  
  70  5:43  Pylon  
  70  5:44  Warp Prism  
  70  5:46  Mothership Core (Chrono Boost)  
  74  5:58  Pylon x2  
  70  6:12  Adept  
  70  6:13  Adept  
  70  6:15  Immortal  
  78  6:30  Gateway  
  74  6:33  Gateway  
  74  6:34  Stalker x3  
  78  6:40  Sentry  
  78  6:45  Pylon x2  
  80  6:48  Pylon  
  74  7:05  Immortal  
  70  7:12  Adept x2  
  72  7:21  Twilight Council  
  72  7:24  Adept x2  
  74  7:33  Cybernetics Core  
  74  7:34  Probe (Chrono Boost)  
  74  7:35  Probe (Chrono Boost)  
  74  7:40  Zealot  
  74  7:42  Zealot  
  78  7:44  Probe (Chrono Boost)  
  78  7:46  Zealot  
  78  7:51  Immortal  
  85  8:02  Zealot  
  87  8:10  Blink (Chrono Boost)  
  87  8:14  Robotics Bay  
  87  8:15  Probe (Chrono Boost)  
  88  8:23  Zealot x2  
  88  8:26  Probe (Chrono Boost)  
  93  8:31  Pylon  
  93  8:35  Pylon  
  93  8:43  Stalker x2  
  93  8:47  Probe (Chrono Boost)  
  98  8:51  Immortal  
  102  9:02  Pylon  
  102  9:04  Pylon  
  101  9:25  Stalker x3  
  101  9:26  Stalker  
  108  9:42  Zealot  
  110  9:58  Stalker x3  
  110  9:59  Stalker x2  
  117  10:08  Stalker  
Show
View Real Time Build Order
Export as new Build Order

ILLBdA Protoss 

Build Orders:  

Get SALT Encoding   

  12  0:01  Probe (Chrono Boost)  
  13  0:11  Probe (Chrono Boost)  
  14  0:19  Pylon  
  14  0:22  Probe (Chrono Boost)  
  15  0:37  Probe (Chrono Boost)  
  15  0:39  Gateway  
  16  0:47  Assimilator  
  16  0:49  Probe (Chrono Boost)  
  17  0:56  Pylon  
  17  1:01  Probe (Chrono Boost)  
  18  1:12  Probe (Chrono Boost)  
  18  1:14  Gateway  
  19  1:27  Gateway  
  19  1:33  Cybernetics Core  
  19  1:36  Probe (Chrono Boost)  
  20  1:46  Probe (Chrono Boost)  
  21  1:49  Assimilator  
  21  1:57  Probe (Chrono Boost)  
  22  2:07  Probe (Chrono Boost)  
  23  2:11  Stalker (Chrono Boost), Warp Gate  
  25  2:19  Probe  
  26  2:23  Stalker (Chrono Boost)  
  30  2:32  Adept (Chrono Boost), Pylon  
  30  2:46  Pylon  
  30  2:50  Stalker (Chrono Boost)  
  34  2:54  Stalker (Chrono Boost)  
  36  3:08  Stalker (Chrono Boost)  
  36  3:16  Stalker (Chrono Boost)  
  38  3:24  Stalker (Chrono Boost)  
  38  3:33  Robotics Facility  
  26  4:16  Stalker x2  
  30  4:20  Immortal (Chrono Boost)  
  30  4:23  Stalker  
  36  4:33  Forge  
  36  4:35  Gateway  
  36  4:43  Stalker  
  38  4:55  Immortal (Chrono Boost)  
  42  5:08  Adept  
  42  5:09  Adept  
  42  5:13  Pylon  
  46  5:26  Probe  
  46  5:27  Photon Cannon  
  47  5:32  Observer (Chrono Boost)  
  47  5:34  Sentry  
  50  5:35  Adept  
  50  5:39  Adept  
  54  5:49  Pylon  
  54  6:15  Immortal (Chrono Boost)  
  54  6:16  Sentry  
  54  6:17  Zealot  
  62  6:19  Pylon  
  62  6:39  Sentry  
  62  6:40  Zealot x2  
  66  7:01  Immortal (Chrono Boost)  
  54  7:21  Stalker x3  
  60  7:29  Adept  
  59  7:39  Warp Prism (Chrono Boost)  
  61  7:52  Adept x3  
  61  7:53  Adept  
  69  8:17  Pylon  
  69  8:36  Immortal (Chrono Boost)  
  73  9:03  Probe  
  73  9:05  Pylon  
  74  9:13  Immortal (Chrono Boost)  
  78  9:52  Nexus  
  78  9:58  Sentry x3  
  84  10:15  Adept  
Tags
 
Matchup
PvP
Replay Pack
me
Add a new tag
Caveats
  • Supply blocks, unpowered buildings, or Contaminate may cause inaccurate times.
  • Supply counts are checked every 10 seconds.